 Dungeon Crawl Stone Soup version 0.27-a0-1548-gf8a67e7463 (webtiles) character file.

Game seed: 13383205324919365368

676 dolemite99 the Cutter (level 7, -3/50 HPs)
             Began as a Demonspawn Brigand on July 14, 2021.
             Was an Initiate of Gozag.
             Slain by an ogre (16 damage)
             ... on level 6 of the Dungeon.
             The game lasted 00:08:15 (5535 turns).

dolemite99 the Cutter (Demonspawn Brigand)          Turns: 5535, Time: 00:08:16

Health: -3/50      AC: 13    Str: 14    XL:     7   Next: 33%
Magic:  0/16       EV: 11    Int: 12    God:    Gozag
Gold:   60         SH:  4    Dex: 14    Spells: 6/6 levels left

rFire    . . .     SeeInvis .   a - +2 dagger (elec)
rCold    + . .     Faith    .   (no shield)
rNeg     . . .     Spirit   +   r - +2 ring mail {rC+}
rPois    .         Reflect  .   h - +0 helmet
rElec    .         Harm     .   c - +0 cloak
rCorr    .         Rampage  .   j - +1 pair of gloves
Will     .....                  (no boots)
Stlth    ++........             d - amulet of guardian spirit
HPRegen  0.16/turn              l - ring of magical power
MPRegen  0.15/turn              (no ring)

@: gold aura
A: icy blue scales 1, foul stench 2, condensation shield
a: Renounce Religion, Potion Petition, Call Merchant, Bribe Branch


You were on level 6 of the Dungeon.
You worshipped Gozag.
Gozag was noncommittal.
You visited 1 branch of the dungeon, and saw 6 of its levels.

You collected 301 gold pieces.
You spent 207 gold pieces at shops.
You paid 34 gold pieces to Gozag.

Inventory:

Hand Weapons
 a - a +2 dagger of electrocution (weapon)
 f - a +0 dagger
Missiles
 g - 9 bolts
 k - 118 stones
 p - 4 boomerangs (quivered)
 s - 44 sling bullets
 t - a curare-tipped dart
Armour
 b - a +0 robe
 c - a +0 cloak (worn)
 h - a +0 helmet (worn)
 j - a +1 pair of gloves (worn)
 r - a +2 ring mail of cold resistance (worn)
Jewellery
 d - an amulet of guardian spirit (around neck)
 i - an amulet of the acrobat
 l - a ring of magical power (left hand)
 u - a ring of willpower
Scrolls
 n - 3 scrolls of fear
 v - a scroll of enchant weapon {unknown}
 w - a scroll of noise {unknown}
 x - 2 scrolls of vulnerability
 y - 2 scrolls of teleportation {unknown}
 z - a scroll of blinking
 A - a scroll of identify {@r1}
Potions
 e - 2 potions of haste {unknown}
 m - 2 potions of magic
 o - a potion of cancellation
 q - 3 potions of curing


   Skills:
 - Level 2.0 Fighting
 - Level 6.4 Short Blades
 + Level 3.2 Throwing
 + Level 2.7 Dodging
 - Level 3.6 Stealth


You had 6 spell levels left.
You didn't know any spells.
Your spell library contained the following spells:

 Spells                   Type           Power      Damage    Failure   Level
 Chain Lightning          Conj/Air       0%         N/A       100%        9
 Fire Storm               Conj/Fire      0%         5d1       100%        9


Dungeon Overview and Level Annotations

Branches:
Dungeon (6/15)             Temple (0/1) D:5

Altars:
Gozag

Shops:
D:1 (   D:5 *

Annotations:
D:5 3 runed translucent doors, Demosthentine's ghost, novice MfGl


Innate Abilities, Weirdness & Mutations

You are partially covered in icy blue scales. (AC +2)
You sometimes emit foul miasma when damaged in melee.
A meltable shield of frost defends you. (SH +4)


Message History

The gargoyle hurls a stone arrow at you.
The stone arrow hits you!! The killer bee barely misses you.
The killer bee stings you.
There is a stone staircase leading down here.
The killer bee stings you but does no damage.
The killer bee stings you.
You climb downwards.
Found a stone staircase leading up and a stone staircase leading down.
There is a stone staircase leading up here.
You barely miss the killer bee.
The killer bee is moderately wounded.
The killer bee closely misses you.
You hit the killer bee.
The killer bee is heavily wounded.
The killer bee closely misses you.
You closely miss the killer bee.
The killer bee is heavily wounded.
You block the killer bee's attack.
Okay, then.
You hit the killer bee.
Lightning courses through the killer bee!
You kill the killer bee!
The ogre is distracted by your dazzling golden aura.
You see here 8 gold pieces.
You aren't carrying any items that you can evoke.
Unknown command.
The ogre shouts!
You hit the ogre. Lightning courses through the ogre!!
The ogre is no longer distracted by gold.
The ogre is severely wounded.
The ogre hits you with a +0 giant spiked club!!
* * * LOW HITPOINT WARNING * * *
You closely miss the ogre.
The ogre is severely wounded.
You hit the ogre.
The ogre is severely wounded.
A scorpion comes into view.
The ogre hits you with a +0 giant spiked club!!
You die...
Your body crumbles into a pile of gold. $ .# .. .# .# .# # .# ###..####.# s>....O@<.# ###..###### # $

You could see an ogre and a scorpion.

Vanquished Creatures
  A necrophage (D:4)
  A bullfrog (D:5)
  3 scorpions
  A killer bee (D:6)
  2 bullfrog skeletons (D:5)
  A gnoll shaman (D:4)
  10 adders
  3 gnolls (D:4)
  An adder skeleton (D:4)
  A worm (D:2)
  A dart slug (D:4)
  7 orcs
  11 ball pythons
  6 endoplasms
  4 giant cockroaches
  4 goblins
  6 hobgoblins
  4 jackals
  5 quokkas
  9 bats
  6 frilled lizards
  8 kobolds
  3 rats
98 creatures vanquished.

Vanquished Creatures (others)
  A kobold (D:2)
1 creature vanquished.

Grand Total: 99 creatures vanquished

Notes
Turn   | Place    | Note
-------+----------+-------------------------------------------
     0 | D:1      | dolemite99 the Demonspawn Brigand began the quest for the
                  | Orb.
     0 | D:1      | Reached XP level 1. HP: 16/16 MP: 1/1
    42 | D:1      | Found Yshulol's Weapon Boutique.
    78 | D:1      | Reached skill level 2 in Short Blades
   618 | D:1      | Gained mutation: A meltable shield of frost defends you.
                  | (SH +4) [demonic ancestry]
   618 | D:1      | Reached XP level 2. HP: 22/22 MP: 2/2
  1298 | D:2      | Reached skill level 3 in Short Blades
  1306 | D:2      | Reached XP level 3. HP: 27/27 MP: 3/3
  1869 | D:2      | HP: 1/27 [adder (4)]
  2292 | D:1      | Gained mutation: You are partially covered in icy blue
                  | scales. (AC +2) [demonic ancestry]
  2292 | D:1      | Reached XP level 4. HP: 27/33 MP: 4/4
  2344 | D:2      | Reached skill level 4 in Short Blades
  3989 | D:3      | Gained mutation: You may rarely emit foul miasma when
                  | damaged in melee. [demonic ancestry]
  3989 | D:3      | Reached XP level 5. HP: 33/38 MP: 5/5
  4290 | D:4      | Reached skill level 5 in Short Blades
  4318 | D:4      | Found an opulent altar of Gozag.
  4328 | D:4      | Became a worshipper of Gozag Ym Sagoz the Greedy
  4353 | D:4      | Noticed a necrophage
  4386 | D:4      | Killed a necrophage
  4387 | D:4      | Reached skill level 6 in Short Blades
  4387 | D:4      | Gained mutation: You sometimes emit foul miasma when
                  | damaged in melee. [demonic ancestry]
  4387 | D:4      | Reached XP level 6. HP: 39/44 MP: 6/6
  5202 | D:5      | Entered Level 5 of the Dungeon
  5227 | D:5      | Found Tudgh's Assorted Antiques.
  5230 | D:5      | Bought a scroll labelled BENIOF ONEADEOHES for 28 gold
                  | pieces
  5230 | D:5      | Bought a green potion for 25 gold pieces
  5230 | D:5      | Bought a scroll of identify for 56 gold pieces
  5230 | D:5      | Bought a scroll of fear for 98 gold pieces
  5249 | D:5      | Reached skill level 1 in Dodging
  5277 | D:5      | Found a runed translucent gate.
  5279 | D:5      | Found a runed translucent gate.
  5280 | D:5      | Found a runed translucent gate.
  5290 | D:5      | Noticed Demosthentine's ghost (novice MfGl)
  5318 | D:5      | Reached XP level 7. HP: 50/50 MP: 7/7
  5341 | D:5      | Found a staircase to the Ecumenical Temple.
  5505 | D:5      | Noticed a gargoyle
  5535 | D:6      | Slain by an ogre

Illustrated notes

Levels and vault maps discovered:
D:1:      eino_arrival_cavern_c, layout_basic, serial_shops, shop,
          chequers_serial_rivers_room_a, hangedman_decor_points,
          minmay_tromino_v2
D:2:      layout_rooms, st_stairs_1, grunt_ministairs_4, lemuel_old_faithful
D:3:      layout_rooms
D:4:      layout_gridville, mainiacjoe_overflow_small_starburst, serial_glass,
          glass_columns_a, glass_columns_a, glass_columns_b, glass_columns_a,
          glass_columns_c, glass_columns_b
D:5:      layout_loops_ring, nicolae_overflow_hidden_temple,
          grunt_dithmenos_smoke_and_mirrors, minmay_temple_entry_glass,
          serial_shops, nicolae_diamond_shop,
          nicolae_shop_temple_entry_statues_fountains,
          nicolae_shop_behind_doors, nicolae_shop_waterfront,
          gammafunk_ghost_split, minmay_manual_mullet
D:6:      minmay_evil_eye, layout_loops_ring, glass_columns_b

Skill      XL: |  1  2  3  4  5  6  7 |
---------------+----------------------+-----
Short Blades   | 2 3 4 6 |  6.4
Throwing       | 2 3 |  3.2
Dodging        | 2 |  2.7
Fighting       | |  2.0
Stealth        | |  3.6

Action                   |  1- 3 |  4- 6 |  7- 9 || total
-------------------------+-------+-------+-------++-------
Melee: Dagger            |   127 |   210 |    19 ||   356
Throw: Dart              |    39 |    44 |       ||    83
       Stone             |     2 |    53 |       ||    55
       Boomerang         |       |     7 |     3 ||    10
  Use: Scroll            |     2 |    12 |     1 ||    15
 Stab: Sleeping          |     1 |     1 |       ||     2
Armor: Robe              |    49 |    30 |       ||    79
       Ring mail         |       |    38 |     7 ||    45
Dodge: Dodged            |    76 |    65 |    18 ||   159
Block: Other             |    24 |    34 |     5 ||    63

Table legend: (Time is in decaauts)
 A = Elapsed time spent in this place.
 B = Non-inter-level travel time spent in this place.
 C = Inter-level travel time spent in this place.
 D = Time resting spent in this place.
 E = Time spent auto-exploring this place.
 F = Levels seen in this place.
 G = Mean time per level.
                   A        B        C        D        E       F      G
               +--------+--------+--------+--------+--------+-----+--------+
         Total |   5482 |   5365 |    117 |   1418 |   2634 |   6 |  913.7 |
       Dungeon |   5482 |   5365 |    117 |   1418 |   2634 |   6 |  913.7 |
               +--------+--------+--------+--------+--------+-----+--------+

Top non-repeatable levels by time:
     D:1: 1803 daAuts
     D:2: 1303 daAuts
     D:3: 1111 daAuts
     D:4: 916 daAuts
     D:5: 341 daAuts
     D:6: 5 daAuts
